 Dungeon Crawl Stone Soup version 0.31-a0-180-g519b7de00c (webtiles) character file.

Game seed: 11564884195428292931

232201 qw the Severer (level 19, -6/130 HPs)
             Began as a Gargoyle Fighter on June 20, 2023.
             Was an Elder of Okawaru.
             Mangled by a deep troll (9 damage)
             ... led by an ironbound preserver
             ... on level 2 of the Vaults.
             The game lasted 00:22:59 (33748 turns).

qw the Severer (Gargoyle Fighter)                  Turns: 33748, Time: 00:22:59

Health: -6/130     AC: 41    Str: 27    XL:     19   Next: 53%
Magic:  26/26      EV: 18    Int: 17    God:    Okawaru [****..]
Gold:   735        SH: 22    Dex:  9    Spells: 18/18 levels left

rFire   + + .        i - +3 broad axe (heavy)
rCold   + . .        L - +2 kite shield
rNeg    + + .        F - +1 fire dragon scales "Wimerchar" {rF++ rC- rN+ Regen+ Int+4}
rPois   inf          G - +2 hat {SInv}
rElec   +            c - +1 cloak {rPois}
rCorr   .            H - +2 pair of gloves
SInv    +            b - +1 pair of boots of Sataxock {Drain rF+ Int+3}
Will    +....        t - amulet of reflection
Stlth   +            D - ring "Kiex" {rF- rC++ Slay+4}
HPRegen 1.21/turn    B - +5 ring of evasion
MPRegen 0.20/turn

%: reflection
@: about to teleport, heroic, flying
A: sickness immunity, AC +14, big wings, negative energy resistance 1,
electricity resistance, torment resistance 1, petrification resistance
}: 1/15 runes: barnacled
a: Renounce Religion, Heroism, Finesse


You were on level 2 of the Vaults.
You worshipped Okawaru.
Okawaru was greatly pleased with you.
You visited 7 branches of the dungeon, and saw 32 of its levels.
You visited 1 bazaar.
You also visited: Gauntlet and Wizlab.

You collected 3169 gold pieces.
You spent 2434 gold pieces at shops.


Innate Abilities, Weirdness & Mutations

You are immune to sickness and miasma.
Your stone body is resilient. (AC +14)
You are immune to poison.
Your large and strong wings let you fly.
You resist negative energy. (rN+)
You are resistant to electric shocks. (rElec)
You are resistant to unholy torment.
You are immune to petrification.


   Skills:
 - Level 18.0(23.0) Fighting
 - Level 18.0(23.0) Axes
 - Level 10.1(15.1) Throwing
 - Level 14.0(19.0) Armour
 + Level 5.8(10.8) Dodging
 - Level 16.3(21.3) Shields
 - Level 10.0 Invocations


You had 18 spell levels left.
You didn't know any spells.
Your spell library was empty.

Inventory:

Hand Weapons
 i - a +3 heavy broad axe (weapon)
Missiles
 v - 11 javelins
 y - 38 boomerangs
 K - 4 silver boomerangs
Armour
 b - the +1 pair of boots of Sataxock (worn) {Drain rF+ Int+3}
   (You bought it in a shop on level 7 of the Dungeon)

   Int:       It affects your intelligence (+3).
   rF:        It protects you from fire.
   Drain:     It drains your maximum health when unequipped.
 c - a +1 cloak of poison resistance (worn)
 g - the +1 helmet of Patience {rCorr}
   (You found it on level 2 of the Dungeon)

   rCorr:     It protects you from acid and corrosion.
 o - the +1 robe of Vines {NoPotionHeal Regen++++}
   (You found it on level 5 of the Lair of Beasts)

   NoPotionHeal: Its wearer cannot be healed by potions.
   Regen:     It increases your rate of health regeneration.
 s - the +8 ring mail of Happy Babbling {rN+ rCorr Str+2 Slay-3}
   (You found it on level 10 of the Dungeon)

   Str:       It affects your strength (+2).
   Slay:      It affects your accuracy & damage with ranged weapons and melee
   (-3).
   rN:        It protects you from negative energy.
   rCorr:     It protects you from acid and corrosion.
 C - the +0 scale mail of the Hot Ocelot {-Tele rF+++ Regen+ Dex+2}
   (You found it on level 5 of the Lair of Beasts)

   Dex:       It affects your dexterity (+2).
   rF:        It renders you almost immune to fire.
   -Tele:     It prevents most forms of teleportation.
   Regen:     It increases your rate of health regeneration.
 E - a +2 helmet of intelligence
 F - the +1 fire dragon scales "Wimerchar" (worn) {rF++ rC- rN+ Regen+ Int+4}
   (You took it off a minotaur in a Gauntlet)

   Int:       It affects your intelligence (+4).
   rF:        It greatly protects you from fire.
   rC:        It makes you vulnerable to cold.
   rN:        It protects you from negative energy.
   Regen:     It increases your rate of health regeneration.
 G - a +2 hat of see invisible (worn)
 H - a +2 pair of gloves (worn)
 L - a +2 kite shield (worn)
Jewellery
 e - the amulet of Xocov {Faith Fragile +Inv rC+ rCorr}
   (You found it in a Gauntlet)

   [amulet of faith]

   It allows you to gain divine favour quickly.
   rC:        It protects you from cold.
   +Inv:      It lets you turn invisible.
   rCorr:     It protects you from acid and corrosion.
   Fragile:   It will be destroyed if unequipped.
 q - a ring of protection from fire
 t - an amulet of reflection (around neck)
 x - a ring of fire
 B - a +5 ring of evasion (right hand)
 D - the ring "Kiex" (left hand) {rF- rC++ Slay+4}
   (You bought it in a shop on level 15 of the Dungeon)

   [ring of slaying]

   Slay:      It affects your accuracy & damage with ranged weapons and melee
   (+4).
   rF:        It makes you vulnerable to fire.
   rC:        It greatly protects you from cold.
 Y - a +6 ring of strength
Scrolls
 m - 13 scrolls of identify
 u - 13 scrolls of teleportation
Potions
 a - 4 potions of resistance
 d - 9 potions of might
 j - 3 potions of magic
 k - 8 potions of attraction
 n - 11 potions of mutation
 p - 2 potions of curing
 r - 7 potions of haste
 w - 4 potions of lignification
 z - 3 potions of enlightenment
 A - 6 potions of heal wounds

Dungeon Overview and Level Annotations

Branches:
Dungeon (15/15)            Temple (1/1) D:6            Lair (5/5) D:10
 Shoals (4/4) Lair:3       Spider (3/4) Lair:3        Slime (0/5) Lair:5
    Orc (2/2) D:11            Elf (0/3) Orc:2        Vaults (2/5) D:13
  Crypt (0/3) Vaults:2     Depths (0/4) D:15         WizLab (visited)
Gauntlet (visited)

Altars:
Ashenzari
Cheibriados
Dithmenos
Elyvilon
Fedhas
Gozag
Hepliaklqana
Kikubaaqudgha
Makhleb
Nemelex Xobeh
Okawaru
Qazlal
Ru
Sif Muna
Trog
Uskayaw
Vehumet
Wu Jian
Xom
Yredelemnul
Zin
The Shining One
Jiyva
Lugonu

Shops:
D:7 [   D:11 *   D:15 =   Orc:2 [(:?   Shoals:1 *   Shoals:2 *

Portals:
Abyss: D:7 Shoals:3

Annotations:
D:7 2 transporters, qw's ghost, novice GrFi
D:9 1 runed translucent door, qw's ghost, novice GrHu
D:12 2 transporters, qw's ghost, journeyman GrFi
Shoals:3 1 runed translucent door
Orc:1 2 runed translucent doors, Keeluq's ghost, journeyman GrEE


Message History

The deep troll is severely wounded.
You slice the deep troll!!
The ironbound convoker points at the deep troll and mumbles some strange words.
The deep troll seems to grow stronger.
The vault sentinel blows a loud note on a signal horn!
You block the deep troll's attack. x2
The deep troll claws you but does no damage.
The deep troll bites you. The deep troll barely misses you.
The deep troll claws you but does no damage.
You hear a shout!
You hit the deep troll.
The deep troll is severely wounded.
You slice the deep troll!! The deep troll bites you!!
You block the deep troll's attack. x2
The deep troll bites you but does no damage.
You block the deep troll's attack. The deep troll closely misses you.
You barely miss the deep troll.
The deep troll is almost dead.
You hit the deep troll but do no damage.
The ironbound convoker begins to recite a word of recall!
You block the deep troll's attack. x2; The deep troll misses you.
You block the deep troll's attack. The deep troll closely misses you.
You block the deep troll's attack.
You hit the deep troll.
The deep troll is almost dead.
You completely miss the deep troll.
The vault sentinel blows a loud note on a signal horn!
You block the deep troll's attack. The deep troll misses you.
You block the deep troll's attack. x2; The deep troll misses you.
The deep troll completely misses you. You block the deep troll's attack.
The deep troll claws you!
The deep troll claws you but does no damage.
The deep troll bites you!! You block the deep troll's attack.
The deep troll claws you!!
You hear a roar! x2; You hear a shout!
33748 ||| READING 14 scrolls of teleportation.
As you read the scroll of teleportation, it crumbles to dust.
You feel strangely unstable. The deep troll bites you!
You die...

...... .##.##.
.#..#..
##.##.###
..(.....#
.....p.T#
.....pTT#
########@##
#.........#
#.........#...#
#.........#...#
#.........#...#
#.........#...#
#.........#...#
#....(....#...#
#.........#...#


You could see 3 deep trolls, a vault sentinel and an ironbound convoker
(chanting recall).

Vanquished Creatures
  An ancient lich (WizLab)
  Mara (Vaults:2)
  Nikola (Spider:3)
  Arachne (Spider:2)
  Polyphemus (Shoals:3)
  3 sphinxes (Shoals:4)
  An ancient champion (WizLab)
  Ilsuiw (Shoals:3)
  A ghost moth (Spider:2)
  4 emperor scorpions
  6 vault wardens
  An orc warlord (Orc:2)
  A broodmother (Spider:2)
  A formless jellyfish (Vaults:2)
  4 ironbound preservers
  3 dire elephants (Vaults:1)
  2 minotaurs
  Nessos (D:15)
  2 spark wasps (Spider:2)
  An ettin (Orc:2)
  6 merfolk javelineers
  3 merfolk impalers
  3 yaktaur captains
  3 entropy weavers
  An ice dragon (Shoals:3)
  A great orb of eyes (Vaults:1)
  3 vault guards (Vaults:2)
  Erolcha (Orc:2)
  A radroach (Spider:2)
  5 hydras
  2 ogre magi
  4 catoblepae
  11 centaur warriors
  5 ironbound frosthearts (Vaults:1)
  A boulder beetle (D:12)
  A merfolk avatar (Shoals:3)
  3 jorogumos
  An alligator snapping turtle (Shoals:4)
  2 dancing weapons (D:13)
  9 two-headed ogres
  2 merfolk aquamancers
  4 satyrs (Shoals:4)
  A deep troll shaman (Lair:5)
  7 demonic crawlers
  13 death yaks
  4 tengu warriors (D:14)
  A vampire mage (D:15)
  An orc high priest (Orc:2)
  15 skeletal warriors
  A sun moth (Spider:2)
  Lodul (D:11)
  5 skysharks
  4 pharaoh ants
  11 deep trolls
  7 sea snakes
  A shadow dragon zombie (D:15)
  5 orb spiders
  Pikel (D:6)
  2 lindwurms (Lair:5)
  A wizard (Gauntlet)
  2 orc knights (Orc:2)
  2 necromancers
  2 ironbound convokers (Vaults:1)
  3 steelbarb worms
  7 orc sorcerers
  11 wolf spiders
  A fire giant zombie (D:15)
  A deep elf pyromancer (D:15)
  25 harpies
  A frost giant zombie (D:15)
  10 cyclopes
  An oklob plant (Lair:3)
  9 ugly things
  2 moths of wrath
  13 manticores
  12 fauns
  A rust devil (Gauntlet)
  7 vault sentinels
  4 water nymphs
  4 elephants (Lair:5)
  3 apocalypse crabs (Shoals:3)
  16 merfolk sirens
  8 black mambas
  4 gargoyles
  9 cane toads
  A torpor snail (Lair:2)
  2 unseen horrors (D:10)
  2 efreet
  3 rime drakes
  14 komodo dragons
  A tengu conjurer (D:14)
  8 yaktaurs
  A polar bear (shapeshifter) (D:15)
  5 trolls
  6 wind drakes
  9 meliai
  28 merfolk
  17 tarantellas
  2 hornets
  A queen bee (D:13)
  12 dream sheep
  6 snapping turtles
  21 blink frogs
  14 jumping spiders
  10 water elementals
  16 slime creatures
  11 culicivoras
  A jumping spider (shapeshifter) (D:14)
  Sigmund (D:6)
  2 wraiths
  An ettin skeleton (D:15)
  5 vampires
  A ynoxinul (Gauntlet)
  43 yaks
  9 wyverns
  3 fire elementals (Gauntlet)
  37 redbacks
  4 basilisks
  A steam dragon (D:9)
  Edmund (D:6)
  7 vampire mosquitoes
  4 two-headed ogre zombies (WizLab)
  3 acid dragons
  7 wargs
  2 hell hounds (Gauntlet)
  18 water moccasins
  38 orc warriors
  4 black bears
  An ice beast (D:3)
  2 sky beasts (D:6)
  21 ogres
  16 wolves
  2 phantoms
  7 centaurs
  3 lemures (D:6)
  2 kobold brigands
  13 bullfrogs
  6 scorpions
  11 wights
  33 killer bees
  6 troll zombies (WizLab)
  7 howler monkeys
  An electric eel (Orc:2)
  13 orc priests
  5 hounds
  5 jellies
  A gnoll bouda (D:6)
  3 iron imps (Gauntlet)
  Jessica (D:2)
  A sleepcap (D:7)
  4 iguanas
  34 orc wizards
  5 hell rats (Lair:3)
  6 ogre zombies (WizLab)
  3 gnolls (D:6)
  13 adders
  3 shadow imps
  3 white imps
  3 ufetubi
  4 worms
  3 dart slugs
  84 orcs
  7 bats
  12 endoplasms
  3 giant cockroaches
  7 goblins
  8 hobgoblins
  4 jackals
  14 kobolds
  5 quokkas
  7 ball pythons
  4 frilled lizards
  8 rats
1134 creatures vanquished.

Vanquished Creatures (others)
  An orc (Orc:2)
1 creature vanquished.

Grand Total: 1135 creatures vanquished

Notes
Turn   | Place    | Note
-------+----------+-------------------------------------------
     0 | D:1      | qw the Gargoyle Fighter began the quest for the Orb.
     0 | D:1      | Reached XP level 1. HP: 14/14 MP: 1/1
     0 | D:1      | 0 ||| qw: Version: 0.3-a-7-ge0c9b40
     0 | D:1      | 0 ||| qw: Game counter: 1113
     0 | D:1      | 0 ||| qw: Always use a shield: true
     0 | D:1      | 0 ||| qw: God list: Okawaru
     0 | D:1      | 0 ||| qw: Allow faded altars: false
     0 | D:1      | 0 ||| qw: Do Orc after D:15 true
     0 | D:1      | 0 ||| qw: Do second Lair branch before Depths: true
     0 | D:1      | 0 ||| qw: Lair rune preference: random
     0 | D:1      | 0 ||| qw: Plans: Normal, Zot:1-4, Slime:5, God:TSO, Crypt,
                  | Tomb, Abyss, Pan, Hells, Win
     0 | D:1      | 0 ||| PLANNING D:1-11
   143 | D:1      | Found a faded altar of an unknown god.
   267 | D:1      | Reached XP level 2. HP: 13/19 MP: 2/2
   803 | D:1      | 803 ||| UPGRADING to +0 cloak.
   808 | D:1      | 808 ||| UPGRADING to +5 ring of evasion.
   809 | D:1      | 809 ||| READING scroll labelled FYNUAFRAYCS.
   810 | D:1      | 810 ||| READING scroll labelled OWKIEP KADA.
   811 | D:1      | 811 ||| READING scroll labelled FUENEO YSUHEV.
   812 | D:1      | 812 ||| READING scroll labelled YMEHUSTR MIFAGI.
   813 | D:1      | 813 ||| READING scroll labelled XULAORO CUVIONT.
   814 | D:1      | 814 ||| READING scroll labelled WISSUF COMEREI.
   857 | D:2      | Reached skill level 3 in Axes
   857 | D:2      | Reached XP level 3. HP: 23/23 MP: 3/3
   898 | D:2      | Identified the +2 robe of Gravitas {*Slow rN+++ Regen+
                  | rCorr}
   905 | D:2      | 905 ||| Stepping ~*~*~tactically~*~*~ (stealth).
   906 | D:2      | 906 ||| Stepping ~*~*~tactically~*~*~ (stealth).
   916 | D:2      | Identified the +1 helmet of Patience {rCorr}
  1016 | D:2      | Noticed Jessica
  1036 | D:2      | Killed Jessica
  1037 | D:2      | Reached XP level 4. HP: 24/28 MP: 4/4
  1125 | D:2      | 1125 ||| Stepping ~*~*~tactically~*~*~ (stealth).
  1465 | D:2      | 1465 ||| UPGRADING to +1 helmet of Patience {rCorr}.
  1470 | D:2      | 1470 ||| UPGRADING to +0 pair of gloves.
  1475 | D:2      | 1475 ||| UPGRADING to ring of willpower.
  1476 | D:2      | 1476 ||| UPGRADING to +4 ring of slaying {mikee}.
  1478 | D:2      | 1478 ||| DROPPING ring of willpower.
  1479 | D:2      | 1479 ||| READING scroll labelled IQUKAO ODASAT.
  1500 | D:2      | 1500 ||| READING 2 scrolls of identify.
  1500 | D:2      | 1500 ||| IDENTIFYING fizzy sapphire potion
  1501 | D:2      | 1501 ||| DROPPING potion of brilliance.
  1531 | D:3      | 1531 ||| Stepping ~*~*~tactically~*~*~ (stealth).
  1533 | D:3      | 1533 ||| Stepping ~*~*~tactically~*~*~ (stealth).
  1555 | D:3      | Reached XP level 5. HP: 32/32 MP: 5/5
  1561 | D:3      | Found a sacrificial altar of Ru.
  1565 | D:3      | 1565 ||| Stepping ~*~*~tactically~*~*~ (stealth).
  1583 | D:3      | Noticed an ice beast
  1593 | D:3      | Killed an ice beast
  1594 | D:3      | Reached XP level 6. HP: 34/37 MP: 6/6
  1598 | D:3      | 1598 ||| Stepping ~*~*~tactically~*~*~ (stealth).
  1599 | D:3      | 1599 ||| Stepping ~*~*~tactically~*~*~ (stealth).
  1603 | D:3      | 1603 ||| Stepping ~*~*~tactically~*~*~ (hiding).
  1749 | D:3      | 1749 ||| DROPPING +0 whip.
  1859 | D:3      | You fall into a shaft and drop 2 floors!
  1859 | D:5      | Entered Level 5 of the Dungeon
  1867 | D:5      | 1867 ||| Stepping ~*~*~tactically~*~*~ (hiding).
  2006 | D:5      | 2006 ||| READING scroll labelled SALAFU XORUONGAS.
  2007 | D:5      | 2007 ||| READING scroll labelled NAAXZI CAVELEU.
  2175 | D:3      | 2175 ||| Stepping ~*~*~tactically~*~*~ (stealth).
  2243 | D:3      | Found an ancient bone altar of Kikubaaqudgha.
  2249 | D:3      | Found a shimmering blue altar of Sif Muna.
  2250 | D:3      | Found a radiant altar of Vehumet.
  2329 | D:3      | 2329 ||| READING scroll labelled QAACLA DIPS.
  2387 | D:4      | 2387 ||| Stepping ~*~*~tactically~*~*~ (stealth).
  2394 | D:4      | Noticed a black bear
  2395 | D:4      | 2395 ||| Stepping ~*~*~tactically~*~*~ (stealth).
  2403 | D:4      | Killed a black bear
  2404 | D:4      | Reached skill level 1 in Dodging
  2411 | D:4      | Reached XP level 7. HP: 39/43 MP: 7/7
  2423 | D:4      | 2423 ||| Stepping ~*~*~tactically~*~*~ (stealth).
  2425 | D:4      | 2425 ||| Stepping ~*~*~tactically~*~*~ (stealth).
  2426 | D:4      | 2426 ||| Stepping ~*~*~tactically~*~*~ (stealth).
  2438 | D:4      | Reached skill level 6 in Axes
  2516 | D:4      | 2516 ||| Stepping ~*~*~tactically~*~*~ (stealth).
  2698 | D:4      | Identified the +5 ring mail of Lachrymose Liberty {Str+4
                  | Slay+2 Stlth+}
  2768 | D:4      | 2768 ||| UPGRADING to +5 ring mail of Lachrymose Liberty
                  | {Str+4 Slay+2 Stlth+}.
  2778 | D:4      | 2778 ||| DROPPING +0 scale mail.
  2779 | D:4      | 2779 ||| READING scroll labelled ATE LOMIKHOU.
  2780 | D:4      | 2780 ||| READING scroll labelled GUGAWI WOMUW.
  2785 | D:4      | 2785 ||| READING 3 scrolls of identify.
  2785 | D:4      | 2785 ||| IDENTIFYING bubbling golden potion
  2786 | D:4      | 2786 ||| READING 2 scrolls of identify.
  2786 | D:4      | 2786 ||| IDENTIFYING blue potion
  2813 | D:5      | Found an ornate altar of the Wu Jian Council.
  2827 | D:5      | 2827 ||| Stepping ~*~*~tactically~*~*~ (stealth).
  2864 | D:5      | 2864 ||| FLEEEEING.
  2944 | D:5      | 2944 ||| Stepping ~*~*~tactically~*~*~ (stealth).
  2946 | D:5      | 2946 ||| Stepping ~*~*~tactically~*~*~ (stealth).
  2953 | D:5      | 2953 ||| Stepping ~*~*~tactically~*~*~ (stealth).
  2955 | D:5      | 2955 ||| Stepping ~*~*~tactically~*~*~ (stealth).
  2960 | D:5      | 2960 ||| Stepping ~*~*~tactically~*~*~ (stealth).
  2962 | D:5      | 2962 ||| Stepping ~*~*~tactically~*~*~ (hiding).
  3073 | D:5      | 3073 ||| DROPPING +0 flail.
  3250 | D:5      | 3250 ||| Stepping ~*~*~tactically~*~*~ (stealth).
  3346 | D:5      | 3346 ||| Stepping ~*~*~tactically~*~*~ (stealth).
  3351 | D:5      | Reached XP level 8. HP: 49/49 MP: 8/8
  3363 | D:5      | Reached skill level 1 in Throwing
  3530 | D:5      | Identified the +3 leather armour of Hecepucu {Dex+7}
  3532 | D:5      | 3532 ||| Stepping ~*~*~tactically~*~*~ (stealth).
  3588 | D:5      | 3588 ||| UPGRADING to amulet of reflection.
  3593 | D:5      | 3593 ||| READING scroll labelled DURUSKA QYMI.
  3594 | D:5      | 3594 ||| READING 2 scrolls of identify.
  3594 | D:5      | 3594 ||| IDENTIFYING smoky green potion
  3632 | D:6      | Found a shadowy altar of Dithmenos.
  3643 | D:6      | Noticed Sigmund
  3644 | D:6      | 3644 ||| Stepping ~*~*~tactically~*~*~ (hiding).
  3645 | D:6      | 3645 ||| Stepping ~*~*~tactically~*~*~ (hiding).
  3648 | D:6      | 3648 ||| Stepping ~*~*~tactically~*~*~ (hiding).
  3663 | D:6      | Killed Sigmund
  3664 | D:6      | Reached skill level 6 in Fighting
  3690 | D:6      | Noticed Pikel
  3691 | D:6      | 3691 ||| Stepping ~*~*~tactically~*~*~ (stealth).
  3693 | D:6      | 3693 ||| Stepping ~*~*~tactically~*~*~ (stealth).
  3715 | D:6      | Killed Pikel
  3716 | D:6      | Reached skill level 9 in Axes
  3716 | D:6      | Reached XP level 9. HP: 46/55 MP: 9/9
  3811 | D:6      | 3811 ||| Stepping ~*~*~tactically~*~*~ (stealth).
  3813 | D:6      | 3813 ||| Stepping ~*~*~tactically~*~*~ (stealth).
  3924 | D:6      | 3924 ||| Stepping ~*~*~tactically~*~*~ (stealth).
  3938 | D:6      | 3938 ||| Stepping ~*~*~tactically~*~*~ (stealth).
  3968 | D:6      | 3968 ||| Stepping ~*~*~tactically~*~*~ (hiding).
  4022 | D:6      | 4022 ||| Stepping ~*~*~tactically~*~*~ (stealth).
  4048 | D:6      | 4048 ||| Stepping ~*~*~tactically~*~*~ (stealth).
  4270 | D:6      | Noticed a cyclops
  4283 | D:6      | Killed a cyclops
  4284 | D:6      | Reached XP level 10. HP: 57/65 MP: 10/10
  4344 | D:6      | 4344 ||| Stepping ~*~*~tactically~*~*~ (stealth).
  4347 | D:6      | 4347 ||| Stepping ~*~*~tactically~*~*~ (stealth).
  4349 | D:6      | 4349 ||| Stepping ~*~*~tactically~*~*~ (hiding).
  4400 | D:6      | 4400 ||| Stepping ~*~*~tactically~*~*~ (stealth).
  4402 | D:6      | 4402 ||| Stepping ~*~*~tactically~*~*~ (stealth).
  4404 | D:6      | 4404 ||| Stepping ~*~*~tactically~*~*~ (stealth).
  4406 | D:6      | 4406 ||| Stepping ~*~*~tactically~*~*~ (stealth).
  4417 | D:6      | 4417 ||| Stepping ~*~*~tactically~*~*~ (stealth).
  4419 | D:6      | 4419 ||| Stepping ~*~*~tactically~*~*~ (stealth).
  4422 | D:6      | Noticed Edmund
  4433 | D:6      | Killed Edmund
  4466 | D:6      | Found a hide-covered altar of Uskayaw.
  4483 | D:6      | Found a staircase to the Ecumenical Temple.
  4484 | D:6      | 4484 ||| PLANNING TEMPLE
  4484 | D:6      | 4484 ||| READING scroll labelled YZEH RIYRPHO.
  4485 | D:6      | 4485 ||| READING scroll labelled CUSHRI EMANT.
  4486 | D:6      | 4486 ||| DROPPING +0 morningstar.
  4487 | D:6      | 4487 ||| DRINKING 2 smoky brown potions.
  4534 | D:6      | 4534 ||| READING 3 scrolls of identify.
  4534 | D:6      | 4534 ||| IDENTIFYING yellow potion
  4535 | D:6      | 4535 ||| READING 2 scrolls of identify.
  4535 | D:6      | 4535 ||| IDENTIFYING fizzy ruby potion
  4536 | D:6      | 4536 ||| DROPPING potion of berserk rage.
  4537 | D:6      | 4537 ||| DROPPING potion of degeneration.
  4545 | Temple   | Entered the Ecumenical Temple
  4555 | Temple   | 4555 ||| PLANNING OKAWARU WORSHIP
  4562 | Temple   | Became a worshipper of Warmaster Okawaru
  4563 | Temple   | 4563 ||| PLANNING D:1-11
  4746 | D:7      | Noticed qw's ghost (novice GrFi)
  4747 | D:7      | Found Yminongu's Antique Armour Shop.
  4750 | D:7      | 4750 ||| Stepping ~*~*~tactically~*~*~ (stealth).
  4771 | D:7      | 4771 ||| BUYING pair of faintly glowing boots (180 gold).
  4771 | D:7      | Bought a pair of faintly glowing boots for 180 gold pieces
  4771 | D:7      | Identified the +1 pair of boots of Sataxock {Drain rF+
                  | Int+3} (You bought it in a shop on level 7 of the Dungeon)
  4771 | D:7      | 4771 ||| SHOPLISTING runed scarf (152 gold, have 111).
  4808 | D:7      | 4808 ||| Stepping ~*~*~tactically~*~*~ (stealth).
  4887 | D:7      | 4887 ||| Stepping ~*~*~tactically~*~*~ (stealth).
  4889 | D:7      | 4889 ||| Stepping ~*~*~tactically~*~*~ (stealth).
  4896 | D:7      | 4896 ||| Stepping ~*~*~tactically~*~*~ (hiding).
  4900 | D:7      | 4900 ||| Stepping ~*~*~tactically~*~*~ (stealth).
  5059 | D:7      | 5059 ||| Stepping ~*~*~tactically~*~*~ (stealth).
  5061 | D:7      | 5061 ||| Stepping ~*~*~tactically~*~*~ (stealth).
  5118 | D:7      | Found a transporter.
  5123 | D:7      | Noticed a wizard
  5136 | D:7      | Found a one-way gate to the infinite horrors of the Abyss.
  5136 | D:7      | Noticed a toenail golem
  5140 | D:7      | Found a transporter.
  5146 | D:7      | 5146 ||| Stepping ~*~*~tactically~*~*~ (stealth).
  5151 | D:7      | 5151 ||| Stepping ~*~*~tactically~*~*~ (stealth).
  5152 | D:7      | 5152 ||| Stepping ~*~*~tactically~*~*~ (stealth).
  5153 | D:7      | 5153 ||| Stepping ~*~*~tactically~*~*~ (stealth).
  5154 | D:7      | 5154 ||| Stepping ~*~*~tactically~*~*~ (stealth).
  5155 | D:7      | 5155 ||| Stepping ~*~*~tactically~*~*~ (stealth).
  5156 | D:7      | 5156 ||| Stepping ~*~*~tactically~*~*~ (stealth).
  5157 | D:7      | 5157 ||| Stepping ~*~*~tactically~*~*~ (stealth).
  5158 | D:7      | 5158 ||| Stepping ~*~*~tactically~*~*~ (stealth).
  5160 | D:7      | 5160 ||| Stepping ~*~*~tactically~*~*~ (stealth).
  5162 | D:7      | 5162 ||| Stepping ~*~*~tactically~*~*~ (stealth).
  5163 | D:7      | 5163 ||| Stepping ~*~*~tactically~*~*~ (stealth).
  5169 | D:7      | 5169 ||| STAIRDANCE
  5210 | D:6      | 5210 ||| UPGRADING to +1 pair of boots of Sataxock {Drain
                  | rF+ Int+3}.
  5243 | D:7      | 5243 ||| Stepping ~*~*~tactically~*~*~ (stealth).
  5244 | D:7      | 5244 ||| Stepping ~*~*~tactically~*~*~ (stealth).
  5246 | D:7      | 5246 ||| Stepping ~*~*~tactically~*~*~ (stealth).
  5250 | D:7      | 5250 ||| Stepping ~*~*~tactically~*~*~ (stealth).
  5251 | D:7      | 5251 ||| Stepping ~*~*~tactically~*~*~ (stealth).
  5261 | D:7      | 5261 ||| Stepping ~*~*~tactically~*~*~ (stealth).
  5263 | D:7      | 5263 ||| Stepping ~*~*~tactically~*~*~ (stealth).
  5441 | D:7      | Found a sparkling altar of Nemelex Xobeh.
  5441 | D:7      | Found a basalt altar of Yredelemnul.
  5503 | D:7      | 5503 ||| Stepping ~*~*~tactically~*~*~ (stealth).
  5707 | D:7      | 5707 ||| Stepping ~*~*~tactically~*~*~ (stealth).
  5861 | D:7      | 5861 ||| READING scroll labelled JUEM RYXIR.
  5894 | D:8      | 5894 ||| Stepping ~*~*~tactically~*~*~ (stealth).
  5896 | D:8      | 5896 ||| Stepping ~*~*~tactically~*~*~ (stealth).
  5898 | D:8      | 5898 ||| Stepping ~*~*~tactically~*~*~ (stealth).
  5903 | D:8      | 5903 ||| Stepping ~*~*~tactically~*~*~ (stealth).
  5955 | D:8      | 5955 ||| Stepping ~*~*~tactically~*~*~ (stealth).
  5982 | D:8      | 5982 ||| Stepping ~*~*~tactically~*~*~ (stealth).
  5984 | D:8      | 5984 ||| Stepping ~*~*~tactically~*~*~ (stealth).
  5985 | D:8      | 5985 ||| Stepping ~*~*~tactically~*~*~ (stealth).
  5992 | D:8      | 5992 ||| Stepping ~*~*~tactically~*~*~ (stealth).
  5993 | D:8      | 5993 ||| Stepping ~*~*~tactically~*~*~ (stealth).
  6274 | D:8      | 6274 ||| Stepping ~*~*~tactically~*~*~ (stealth).
  6276 | D:8      | 6276 ||| Stepping ~*~*~tactically~*~*~ (stealth).
  6278 | D:8      | 6278 ||| Stepping ~*~*~tactically~*~*~ (stealth).
  6280 | D:8      | 6280 ||| Stepping ~*~*~tactically~*~*~ (stealth).
  6282 | D:8      | 6282 ||| Stepping ~*~*~tactically~*~*~ (stealth).
  6284 | D:8      | 6284 ||| Stepping ~*~*~tactically~*~*~ (stealth).
  6288 | D:8      | Reached * piety under Okawaru
  6298 | D:8      | 6298 ||| INVOKING Heroism.
  6408 | D:8      | Found a shimmering altar of Xom.
  6444 | D:8      | 6444 ||| Stepping ~*~*~tactically~*~*~ (stealth).
  6448 | D:8      | 6448 ||| Stepping ~*~*~tactically~*~*~ (stealth).
  6450 | D:8      | 6450 ||| Stepping ~*~*~tactically~*~*~ (stealth).
  6509 | D:8      | 6509 ||| Stepping ~*~*~tactically~*~*~ (stealth).
  6512 | D:8      | 6512 ||| Stepping ~*~*~tactically~*~*~ (stealth).
  6514 | D:8      | 6514 ||| Stepping ~*~*~tactically~*~*~ (hiding).
  6895 | D:8      | Found a glowing silver altar of Zin.
  7022 | D:8      | 7022 ||| UPGRADING to +0 plate armour.
  7032 | D:8      | 7032 ||| DROPPING +5 ring mail of Lachrymose Liberty {Str+4
                  | Slay+2 Stlth+}.
  7033 | D:8      | 7033 ||| DROPPING amulet of the acrobat.
  7034 | D:8      | 7034 ||| READING 2 scrolls of identify.
  7034 | D:8      | 7034 ||| IDENTIFYING purple potion
  7078 | D:9      | 7078 ||| INVOKING Heroism.
  7144 | D:9      | Found a snail-covered altar of Cheibriados.
  7152 | D:9      | Found a burning altar of Makhleb.
  7160 | D:9      | 7160 ||| READING scroll of enchant armour.
  7160 | D:9      | 7160 ||| ENCHANTING +0 pair of gloves.
  7185 | D:9      | Reached skill level 6 in Armour
  7268 | D:9      | Reached skill level 1 in Invocations
  7633 | D:9      | Found a runed translucent door.
  7635 | D:9      | Noticed qw's ghost (novice GrHu)
  7635 | D:9      | Noticed a cyclops
  7684 | D:9      | Found an opulent altar of Gozag.
  7827 | D:9      | 7827 ||| DRINKING 2 cyan potions.
  7848 | D:10     | Entered Level 10 of the Dungeon
  7848 | D:10     | Noticed a gargoyle
  7859 | D:10     | Killed a gargoyle
  7860 | D:10     | Reached skill level 3 in Invocations
  7876 | D:10     | Identified the +8 whip "Sulocil" {pain, SInv}
  7900 | D:10     | Identified the +8 ring mail of Happy Babbling {rN+ rCorr
                  | Str+2 Slay-3}
  7932 | D:10     | 7932 ||| Stepping ~*~*~tactically~*~*~ (stealth).
  7935 | D:10     | 7935 ||| Stepping ~*~*~tactically~*~*~ (stealth).
  7937 | D:10     | 7937 ||| Stepping ~*~*~tactically~*~*~ (stealth).
  7946 | D:10     | Reached XP level 11. HP: 64/69 MP: 13/13
  7984 | D:10     | 7984 ||| Stepping ~*~*~tactically~*~*~ (hiding).
  7994 | D:10     | Reached ** piety under Okawaru
  8080 | D:10     | Found a staircase to the Lair.
  8081 | D:10     | 8081 ||| INVOKING Heroism.
  8093 | D:10     | 8093 ||| Stepping ~*~*~tactically~*~*~ (stealth).
  8098 | D:10     | 8098 ||| INVOKING Heroism.
  8110 | D:10     | Reached skill level 9 in Fighting
  8387 | D:10     | Found a bloodstained altar of Trog.
  8421 | D:10     | 8421 ||| PLANNING LAIR
  8421 | D:10     | 8421 ||| DROPPING +2 robe of Gravitas {*Slow rN+++ Regen+
                  | rCorr}.
  8422 | D:10     | 8422 ||| DRINKING 2 fuming grey potions.
  8450 | Lair:1   | Entered Level 1 of the Lair of Beasts
  8451 | Lair:1   | 8451 ||| INVOKING Heroism.
  8493 | Lair:1   | 8493 ||| Stepping ~*~*~tactically~*~*~ (stealth).
  8505 | Lair:1   | 8505 ||| INVOKING Heroism.
  8508 | Lair:1   | Reached skill level 3 in Throwing
  8519 | Lair:1   | Reached skill level 9 in Armour
  8531 | Lair:1   | 8531 ||| FLEEEEING.
  8591 | Lair:1   | 8591 ||| INVOKING Heroism.
  8714 | Lair:1   | 8714 ||| Stepping ~*~*~tactically~*~*~ (stealth).
  8716 | Lair:1   | 8716 ||| Stepping ~*~*~tactically~*~*~ (stealth).
  9177 | Lair:1   | 9177 ||| INVOKING Heroism.
  9450 | Lair:2   | 9450 ||| INVOKING Heroism.
  9455 | Lair:2   | Reached skill level 12 in Axes
  9532 | Lair:2   | Reached *** piety under Okawaru
  9632 | Lair:2   | 9632 ||| INVOKING Heroism.
  9639 | Lair:2   | Reached skill level 6 in Shields
  9640 | Lair:2   | Noticed a seven-headed hydra
  9652 | Lair:2   | Killed a five-headed hydra
  9669 | Lair:2   | 9669 ||| INVOKING Heroism.
  9674 | Lair:2   | Reached XP level 12. HP: 65/77 MP: 12/15
  9705 | Lair:2   | 9705 ||| INVOKING Heroism.
  9840 | Lair:2   | 9840 ||| INVOKING Heroism.
  9879 | Lair:2   | 9879 ||| Stepping ~*~*~tactically~*~*~ (stealth).
  9882 | Lair:2   | 9882 ||| INVOKING Heroism.
  9895 | Lair:2   | Reached **** piety under Okawaru
 10107 | Lair:2   | 10107 ||| Stepping ~*~*~tactically~*~*~ (stealth).
 10108 | Lair:2   | 10108 ||| Stepping ~*~*~tactically~*~*~ (stealth).
 10109 | Lair:2   | 10109 ||| Stepping ~*~*~tactically~*~*~ (stealth).
 10162 | Lair:2   | Noticed a skyshark
 10173 | Lair:2   | Killed a skyshark
 10481 | Lair:2   | 10481 ||| DROPPING +6 ring of intelligence.
 10482 | Lair:2   | 10482 ||| READING 3 scrolls of identify.
 10482 | Lair:2   | 10482 ||| IDENTIFYING ruby potion
 10483 | Lair:2   | 10483 ||| READING 2 scrolls of identify.
 10483 | Lair:2   | 10483 ||| IDENTIFYING lumpy black potion
 10484 | Lair:2   | 10484 ||| DROPPING potion of ambrosia.
 10508 | Lair:3   | Found a shimmering altar of Xom.
 10569 | Lair:3   | 10569 ||| INVOKING Heroism.
 10570 | Lair:3   | 10570 ||| Stepping ~*~*~tactically~*~*~ (stealth).
 10640 | Lair:3   | 10640 ||| Stepping ~*~*~tactically~*~*~ (stealth).
 10657 | Lair:3   | Found a hole to the Spider Nest.
 10665 | Lair:3   | Reached skill level 6 in Invocations
 10795 | Lair:3   | Found a staircase to the Shoals.
 10798 | Lair:3   | Reached ***** piety under Okawaru
 10836 | Lair:3   | 10836 ||| INVOKING Heroism.
 10837 | Lair:3   | 10837 ||| Stepping ~*~*~tactically~*~*~ (water).
 10839 | Lair:3   | Received a gift from Okawaru
 10951 | Lair:3   | 10951 ||| INVOKING Heroism.
 10952 | Lair:3   | 10952 ||| INVOKING Finesse.
 11122 | Lair:3   | 11122 ||| Stepping ~*~*~tactically~*~*~ (hiding).
 11437 | Lair:3   | 11437 ||| READING scroll labelled IHUABO QI QEPUOLO.
 11438 | Lair:3   | 11438 ||| READING 2 scrolls of identify.
 11438 | Lair:3   | 11438 ||| IDENTIFYING pink potion
 11463 | Lair:4   | 11463 ||| INVOKING Heroism.
 11490 | Lair:4   | Reached XP level 13. HP: 82/82 MP: 19/19
 11748 | Lair:4   | Reached skill level 9 in Invocations
 12075 | Lair:4   | 12075 ||| READING scroll of enchant weapon.
 12075 | Lair:4   | 12075 ||| ENCHANTING +1 war axe of flaming.
 12230 | Lair:4   | 12230 ||| INVOKING Heroism.
 12375 | Lair:4   | 12375 ||| INVOKING Heroism.
 12736 | Lair:5   | Entered Level 5 of the Lair of Beasts
 12746 | Lair:5   | 12746 ||| Stepping ~*~*~tactically~*~*~ (stealth).
 12823 | Lair:5   | 12823 ||| INVOKING Heroism.
 12854 | Lair:5   | 12854 ||| Stepping ~*~*~tactically~*~*~ (stealth).
 12855 | Lair:5   | 12855 ||| Stepping ~*~*~tactically~*~*~ (stealth).
 12856 | Lair:5   | 12856 ||| INVOKING Heroism.
 12857 | Lair:5   | 12857 ||| INVOKING Finesse.
 12876 | Lair:5   | Received a gift from Okawaru
 12916 | Lair:5   | 12916 ||| INVOKING Heroism.
 12938 | Lair:5   | 12938 ||| Stepping ~*~*~tactically~*~*~ (hiding).
 13062 | Lair:5   | 13062 ||| INVOKING Heroism.
 13063 | Lair:5   | 13063 ||| INVOKING Finesse.
 13232 | Lair:5   | 13232 ||| INVOKING Heroism.
 13234 | Lair:5   | 13234 ||| Stepping ~*~*~tactically~*~*~ (stealth).
 13283 | Lair:5   | 13283 ||| INVOKING Heroism.
 13284 | Lair:5   | 13284 ||| INVOKING Finesse.
 13306 | Lair:5   | Identified the +0 helmet "Mitwap" {rPois rN+ Str+3 Dex-3}
                  | (Okawaru gifted it to you on level 5 of the Lair of Beasts)
 13306 | Lair:5   | Received a gift from Okawaru
 13309 | Lair:5   | Gained mutation: Your large and strong wings let you fly.
                  | [Gargoyle growth]
 13309 | Lair:5   | Reached XP level 14. HP: 90/90 MP: 14/21
 13439 | Lair:5   | 13439 ||| INVOKING Heroism.
 13463 | Lair:5   | 13463 ||| INVOKING Heroism.
 13467 | Lair:5   | Reached skill level 15 in Axes
 13563 | Lair:5   | Found a viscous altar of Jiyva.
 13569 | Lair:5   | Found a staircase to the Slime Pits.
 13677 | Lair:5   | 13677 ||| INVOKING Heroism.
 13814 | Lair:5   | Found the +1 robe of Vines {NoPotionHeal Regen++++}
 13993 | Lair:5   | 13993 ||| INVOKING Heroism.
 13994 | Lair:5   | 13994 ||| INVOKING Finesse.
 14159 | Lair:5   | Identified the +0 scale mail of the Hot Ocelot {-Tele rF+++
                  | Regen+ Dex+2}
 14168 | Lair:5   | Reached skill level 12 in Fighting
 14432 | Lair:5   | 14432 ||| PLANNING D:1-11
 14432 | Lair:5   | 14432 ||| UPGRADING to +1 robe of Vines {NoPotionHeal
                  | Regen++++}.
 14442 | Lair:5   | 14442 ||| DROPPING +0 plate armour.
 14443 | Lair:5   | 14443 ||| DROPPING +4 ring of protection.
 14469 | Lair:5   | 14469 ||| Stepping ~*~*~tactically~*~*~ (stealth).
 14475 | Lair:5   | 14475 ||| Stepping ~*~*~tactically~*~*~ (stealth).
 14576 | D:11     | Found a staircase to the Orcish Mines.
 14708 | D:11     | Reached skill level 3 in Dodging
 14812 | D:11     | 14812 ||| Stepping ~*~*~tactically~*~*~ (stealth).
 14827 | D:11     | 14827 ||| Stepping ~*~*~tactically~*~*~ (stealth).
 14828 | D:11     | Noticed Lodul
 14830 | D:11     | 14830 ||| Stepping ~*~*~tactically~*~*~ (hiding).
 14841 | D:11     | Killed Lodul
 15110 | D:11     | Found Gapte's Serpentskin Sales.
 15185 | D:11     | 15185 ||| PLANNING D
 15250 | D:12     | 15250 ||| Stepping ~*~*~tactically~*~*~ (stealth).
 15266 | D:12     | Received a gift from Okawaru
 15275 | D:12     | 15275 ||| Stepping ~*~*~tactically~*~*~ (stealth).
 15282 | D:12     | 15282 ||| Stepping ~*~*~tactically~*~*~ (stealth).
 15283 | D:12     | 15283 ||| Stepping ~*~*~tactically~*~*~ (stealth).
 15290 | D:12     | 15290 ||| INVOKING Heroism.
 15292 | D:12     | 15292 ||| READING 10 scrolls of teleportation.
 15413 | D:12     | 15413 ||| Stepping ~*~*~tactically~*~*~ (hiding).
 15540 | D:12     | Found a transporter.
 15546 | D:12     | Noticed qw's ghost (journeyman GrFi)
 15549 | D:12     | Found a bloodstained altar of Trog.
 15574 | D:12     | Found a transporter.
 15583 | D:12     | Identified a scroll of acquirement
 15714 | D:12     | 15714 ||| INVOKING Heroism.
 16028 | D:12     | 16028 ||| Stepping ~*~*~tactically~*~*~ (stealth).
 16030 | D:12     | 16030 ||| Stepping ~*~*~tactically~*~*~ (hiding).
 16031 | D:12     | 16031 ||| Stepping ~*~*~tactically~*~*~ (hiding).
 16039 | D:12     | 16039 ||| Stepping ~*~*~tactically~*~*~ (hiding).
 16040 | D:12     | 16040 ||| Stepping ~*~*~tactically~*~*~ (hiding).
 16111 | D:13     | 16111 ||| INVOKING Heroism.
 16141 | D:13     | Found a gate to the Vaults.
 16151 | D:13     | 16151 ||| Stepping ~*~*~tactically~*~*~ (stealth).
 16155 | D:13     | 16155 ||| Stepping ~*~*~tactically~*~*~ (stealth).
 16157 | D:13     | 16157 ||| INVOKING Finesse.
 16160 | D:13     | 16160 ||| INVOKING Heroism.
 16331 | D:13     | 16331 ||| Stepping ~*~*~tactically~*~*~ (stealth).
 16342 | D:13     | Reached XP level 15. HP: 95/96 MP: 22/22
 16462 | D:13     | Received a gift from Okawaru
 16503 | D:13     | 16503 ||| INVOKING Heroism.
 16536 | D:13     | 16536 ||| Stepping ~*~*~tactically~*~*~ (stealth).
 16538 | D:13     | 16538 ||| Stepping ~*~*~tactically~*~*~ (stealth).
 16542 | D:13     | 16542 ||| Stepping ~*~*~tactically~*~*~ (stealth).
 16546 | D:13     | 16546 ||| Stepping ~*~*~tactically~*~*~ (hiding).
 16560 | D:13     | 16560 ||| Stepping ~*~*~tactically~*~*~ (stealth).
 16726 | D:14     | 16726 ||| Stepping ~*~*~tactically~*~*~ (hiding).
 16734 | D:14     | Received a gift from Okawaru
 16799 | D:14     | Identified the +3 morningstar "Fomala Detz" {venom, *Slow
                  | +Blink Int+6}
 16801 | D:14     | 16801 ||| INVOKING Heroism.
 16826 | D:14     | 16826 ||| Stepping ~*~*~tactically~*~*~ (stealth).
 16903 | D:14     | 16903 ||| Stepping ~*~*~tactically~*~*~ (stealth).
 16905 | D:14     | 16905 ||| INVOKING Heroism.
 16912 | D:14     | Received a gift from Okawaru
 16917 | D:14     | Reached skill level 6 in Throwing
 16931 | D:14     | 16931 ||| Stepping ~*~*~tactically~*~*~ (stealth).
 17273 | D:15     | Entered Level 15 of the Dungeon
 17274 | D:15     | 17274 ||| PLANNING GAUNTLET
 17274 | D:15     | 17274 ||| INVOKING Heroism.
 17280 | D:15     | Found a staircase to the Depths.
 17285 | D:15     | Reached skill level 9 in Shields
 17330 | D:15     | 17330 ||| Stepping ~*~*~tactically~*~*~ (hiding).
 17386 | D:15     | Found Fiuduracs's Jewellery Emporium.
 17392 | D:15     | 17392 ||| BUYING +6 ring of strength (360 gold).
 17392 | D:15     | Bought a +6 ring of strength for 360 gold pieces
 17392 | D:15     | 17392 ||| BUYING ring "Kiex" {rF- rC++ Slay+4} (955 gold).
 17392 | D:15     | Bought the ring "Kiex" {rF- rC++ Slay+4} for 955 gold
                  | pieces
 17420 | D:15     | 17420 ||| Stepping ~*~*~tactically~*~*~ (hiding).
 17538 | D:15     | 17538 ||| Stepping ~*~*~tactically~*~*~ (stealth).
 17539 | D:15     | 17539 ||| Stepping ~*~*~tactically~*~*~ (stealth).
 17657 | D:15     | 17657 ||| Stepping ~*~*~tactically~*~*~ (hiding).
 17718 | D:15     | 17718 ||| Stepping ~*~*~tactically~*~*~ (hiding).
 17719 | D:15     | 17719 ||| Stepping ~*~*~tactically~*~*~ (hiding).
 17798 | D:15     | Found a gate leading to a gauntlet.
 17799 | D:15     | 17799 ||| UPGRADING to +6 ring of strength.
 17801 | D:15     | 17801 ||| UPGRADING to ring "Kiex" {rF- rC++ Slay+4}.
 17803 | D:15     | 17803 ||| DROPPING +4 ring of slaying {mikee}.
 17804 | D:15     | 17804 ||| UPGRADING to +5 ring of evasion.
 17814 | Gauntlet | Entered a Gauntlet
 17814 | Gauntlet | Found a runed translucent door.
 17814 | Gauntlet | Found a transporter.
 17814 | Gauntlet | Found a runed translucent door.
 17821 | Gauntlet | Found a transporter.
 17824 | Gauntlet | Found a transporter.
 17832 | Gauntlet | Found a runed translucent gate.
 17832 | Gauntlet | Found a runed translucent gate.
 17832 | Gauntlet | Found a runed translucent gate.
 17835 | Gauntlet | Found a transporter.
 17838 | Gauntlet | Found a transporter.
 17842 | Gauntlet | Found a runed translucent door.
 17843 | Gauntlet | Found a runed translucent door.
 17846 | Gauntlet | Found a transporter.
 17867 | Gauntlet | Found a transporter.
 17878 | Gauntlet | Found a transporter.
 17889 | Gauntlet | Found a transporter.
 17911 | Gauntlet | Found a transporter.
 17924 | Gauntlet | Found a transporter.
 17924 | Gauntlet | Found a transporter.
 17971 | Gauntlet | Found a transporter.
 17989 | Gauntlet | Found a transporter.
 18136 | Gauntlet | Identified the amulet of Xocov {Faith Fragile +Inv rC+
                  | rCorr}
 18153 | Gauntlet | Received a gift from Okawaru
 18170 | Gauntlet | 18170 ||| INVOKING Heroism.
 18196 | Gauntlet | 18196 ||| DROPPING +0 helmet "Mitwap" {rPois rN+ Str+3
                  | Dex-3}.
 18204 | Gauntlet | Identified the +1 trident of Bogym {holy, Drain rN+ Str+5}
 18204 | Gauntlet | Identified the +1 fire dragon scales "Wimerchar" {rF++ rC-
                  | rN+ Regen+ Int+4}
 18215 | Gauntlet | 18215 ||| INVOKING Heroism.
 18236 | Gauntlet | Identified the +1 robe "Helymn" {rC- Int+3 SInv}
 18238 | Gauntlet | Identified the staff "Iderauku" {rElec rPois rC- Will+
                  | Int+8 Poison}
 18271 | Gauntlet | 18271 ||| UPGRADING to +1 fire dragon scales "Wimerchar"
                  | {rF++ rC- rN+ Regen+ Int+4}.
 18281 | Gauntlet | 18281 ||| UPGRADING to +2 hat of see invisible.
 18307 | D:15     | 18307 ||| PLANNING D
 18369 | D:15     | Noticed Nessos
 18386 | D:15     | Killed Nessos
 18386 | D:15     | Received a gift from Okawaru
 18449 | D:15     | 18449 ||| Stepping ~*~*~tactically~*~*~ (stealth).
 18452 | D:15     | 18452 ||| Stepping ~*~*~tactically~*~*~ (hiding).
 18453 | D:15     | 18453 ||| Stepping ~*~*~tactically~*~*~ (hiding).
 18458 | D:15     | 18458 ||| INVOKING Heroism.
 18931 | D:15     | 18931 ||| Stepping ~*~*~tactically~*~*~ (stealth).
 19109 | D:15     | 19109 ||| PLANNING ORC
 19109 | D:15     | 19109 ||| UPGRADING to +2 pair of gloves.
 19119 | D:15     | 19119 ||| DROPPING +1 pair of gloves.
 19229 | Orc:1    | Entered Level 1 of the Orcish Mines
 19283 | Orc:2    | Entered Level 2 of the Orcish Mines
 19283 | Orc:2    | Found a staircase to the Elven Halls.
 19284 | Orc:2    | 19284 ||| PLANNING BAZAAR
 19284 | Orc:2    | 19284 ||| INVOKING Heroism.
 19288 | Orc:2    | 19288 ||| DRINKING 7 potions of curing.
 19288 | Orc:2    | 19288 ||| (to cure confusion)
 19290 | Orc:2    | 19290 ||| DRINKING 6 potions of curing.
 19290 | Orc:2    | 19290 ||| (to cure confusion)
 19324 | Orc:2    | 19324 ||| Stepping ~*~*~tactically~*~*~ (stealth).
 19325 | Orc:2    | 19325 ||| Stepping ~*~*~tactically~*~*~ (stealth).
 19329 | Orc:2    | 19329 ||| INVOKING Heroism.
 19332 | Orc:2    | Received a gift from Okawaru
 19462 | Orc:2    | 19462 ||| INVOKING Heroism.
 19476 | Orc:2    | Found Wyxtow's Magic Scroll Emporium.
 19478 | Orc:2    | 19478 ||| SWAPPING to +2 heavy war axe.
 19487 | Orc:2    | 19487 ||| BUYING scroll of enchant weapon (120 gold).
 19487 | Orc:2    | Bought a scroll of enchant weapon for 120 gold pieces
 19487 | Orc:2    | 19487 ||| BUYING scroll of identify (32 gold).
 19487 | Orc:2    | Bought a scroll of identify for 32 gold pieces
 19487 | Orc:2    | 19487 ||| BUYING scroll of identify (32 gold).
 19487 | Orc:2    | Bought a scroll of identify for 32 gold pieces
 19487 | Orc:2    | 19487 ||| BUYING scroll of identify (32 gold).
 19487 | Orc:2    | Bought a scroll of identify for 32 gold pieces
 19487 | Orc:2    | 19487 ||| BUYING scroll of identify (32 gold).
 19487 | Orc:2    | Bought a scroll of identify for 32 gold pieces
 19487 | Orc:2    | 19487 ||| BUYING scroll of teleportation (48 gold).
 19487 | Orc:2    | Bought a scroll of teleportation for 48 gold pieces
 19487 | Orc:2    | 19487 ||| READING scroll of enchant weapon.
 19487 | Orc:2    | 19487 ||| ENCHANTING +2 heavy war axe.
 19526 | Orc:2    | 19526 ||| Stepping ~*~*~tactically~*~*~ (stealth).
 19527 | Orc:2    | 19527 ||| Stepping ~*~*~tactically~*~*~ (stealth).
 19588 | Orc:2    | Noticed Erolcha
 19594 | Orc:2    | Killed Erolcha
 19603 | Orc:2    | 19603 ||| Stepping ~*~*~tactically~*~*~ (stealth).
 19682 | Orc:2    | 19682 ||| INVOKING Heroism.
 19689 | Orc:2    | Reached XP level 16. HP: 107/107 MP: 21/23
 19690 | Orc:2    | Received a gift from Okawaru
 19770 | Orc:2    | 19770 ||| INVOKING Heroism.
 19788 | Orc:2    | Reached skill level 15 in Fighting
 19797 | Orc:2    | 19797 ||| FLEEEEING.
 19798 | Orc:2    | 19798 ||| FLEEEEING.
 19799 | Orc:2    | 19799 ||| FLEEEEING.
 19800 | Orc:2    | 19800 ||| FLEEEEING.
 19801 | Orc:2    | 19801 ||| FLEEEEING.
 19802 | Orc:2    | 19802 ||| FLEEEEING.
 19803 | Orc:2    | 19803 ||| FLEEEEING.
 19804 | Orc:2    | 19804 ||| FLEEEEING.
 19805 | Orc:2    | 19805 ||| FLEEEEING.
 19806 | Orc:2    | 19806 ||| FLEEEEING.
 19807 | Orc:2    | 19807 ||| FLEEEEING.
 19808 | Orc:2    | 19808 ||| FLEEEEING.
 19811 | Orc:2    | 19811 ||| FLEEEEING.
 19812 | Orc:2    | 19812 ||| FLEEEEING.
 19813 | Orc:2    | 19813 ||| FLEEEEING.
 19845 | Orc:2    | Found a flickering gateway to a bazaar.
 19846 | Orc:2    | 19846 ||| SWAPPING to +0 broad axe.
 19847 | Orc:2    | 19847 ||| DROPPING +3 heavy war axe.
 19849 | Orc:2    | 19849 ||| Stepping ~*~*~tactically~*~*~ (stealth).
 19851 | Orc:2    | 19851 ||| Stepping ~*~*~tactically~*~*~ (hiding).
 19879 | Orc:2    | 19879 ||| DRINKING 5 potions of curing.
 19879 | Orc:2    | 19879 ||| (to cure confusion)
 19880 | Orc:2    | 19880 ||| INVOKING Heroism.
 19942 | Bazaar   | Entered a bazaar
 19961 | Bazaar   | Found Siaps's Book Shop.
 19974 | Bazaar   | Found Woustreh's Distillery.
 19974 | Bazaar   | Found Tuopnede's Assorted Antiques.
 19980 | Bazaar   | 19980 ||| BUYING scroll of teleportation (111 gold).
 19980 | Bazaar   | Bought a scroll of teleportation for 111 gold pieces
 19986 | Bazaar   | 19986 ||| BUYING 2 potions of might (56 gold).
 19986 | Bazaar   | Bought 2 potions of might for 56 gold pieces
 19986 | Bazaar   | 19986 ||| BUYING potion of curing (21 gold).
 19986 | Bazaar   | Bought a potion of curing for 21 gold pieces
 19986 | Bazaar   | 19986 ||| BUYING potion of curing (21 gold).
 19986 | Bazaar   | Bought a potion of curing for 21 gold pieces
 19986 | Bazaar   | 19986 ||| BUYING potion of haste (70 gold).
 19986 | Bazaar   | Bought a potion of haste for 70 gold pieces
 19986 | Bazaar   | 19986 ||| BUYING potion of might (28 gold).
 19986 | Bazaar   | Bought a potion of might for 28 gold pieces
 20000 | Bazaar   | Found Vewnuoca's Distillery.
 20006 | Bazaar   | 20006 ||| BUYING potion of attraction (36 gold).
 20006 | Bazaar   | Bought a potion of attraction for 36 gold pieces
 20017 | Orc:2    | 20017 ||| PLANNING ORC
 20259 | Orc:1    | 20259 ||| INVOKING Heroism.
 20338 | Orc:1    | 20338 ||| Stepping ~*~*~tactically~*~*~ (hiding).
 20339 | Orc:1    | 20339 ||| Stepping ~*~*~tactically~*~*~ (hiding).
 20345 | Orc:1    | 20345 ||| Stepping ~*~*~tactically~*~*~ (stealth).
 20452 | Orc:1    | 20452 ||| Stepping ~*~*~tactically~*~*~ (hiding).
 20452 | Orc:1    | Found a large runed translucent door.
 20453 | Orc:1    | 20453 ||| Stepping ~*~*~tactically~*~*~ (hiding).
 20453 | Orc:1    | Found a large runed translucent door.
 20454 | Orc:1    | 20454 ||| INVOKING Heroism.
 20479 | Orc:1    | Received a gift from Okawaru
 20526 | Orc:1    | Noticed Keeluq's ghost (journeyman GrEE)
 20929 | Orc:1    | 20929 ||| Stepping randomly (stuck).
 21035 | Orc:2    | Found Utumm's Antique Armour Shoppe.
 21038 | Orc:2    | Found Ablalip's Antique Weapon Emporium.
 21045 | Orc:2    | 21045 ||| SHOPLISTING runed ice dragon scales (1890 gold,
                  | have 212).
 21051 | Orc:2    | 21051 ||| BUYING glowing broad axe (196 gold).
 21051 | Orc:2    | Bought a glowing broad axe for 196 gold pieces
 21177 | Orc:2    | 21177 ||| INVOKING Heroism.
 21178 | Orc:2    | 21178 ||| DRINKING 6 potions of curing.
 21178 | Orc:2    | 21178 ||| (to cure confusion)
 21179 | Orc:2    | Found Qimut's Book Emporium.
 21271 | Orc:2    | 21271 ||| Stepping ~*~*~tactically~*~*~ (hiding).
 21309 | Orc:2    | 21309 ||| Stepping ~*~*~tactically~*~*~ (stealth).
 21340 | Orc:2    | 21340 ||| PLANNING SHOALS:1-3
 21525 | Shoals:1 | Entered Level 1 of the Shoals
 21530 | Shoals:1 | 21530 ||| Stepping ~*~*~tactically~*~*~ (stealth).
 21545 | Shoals:1 | 21545 ||| INVOKING Heroism.
 21546 | Shoals:1 | Received a gift from Okawaru
 21590 | Shoals:1 | Found Ycapt's Assorted Antiques.
 21598 | Shoals:1 | 21598 ||| SHOPLISTING coral ring (180 gold, have 79).
 21598 | Shoals:1 | 21598 ||| SHOPLISTING pair of runed boots (270 gold, have
                  | 79).
 21598 | Shoals:1 | 21598 ||| SHOPLISTING potion of attraction (108 gold, have
                  | 79).
 21598 | Shoals:1 | 21598 ||| SHOPLISTING potion of curing (108 gold, have 79).
 21598 | Shoals:1 | 21598 ||| SHOPLISTING potion of heal wounds (180 gold, have
                  | 79).
 21598 | Shoals:1 | 21598 ||| SHOPLISTING potion of mutation (288 gold, have
                  | 79).
 21598 | Shoals:1 | 21598 ||| SHOPLISTING scroll of enchant armour (270 gold,
                  | have 79).
 21598 | Shoals:1 | 21598 ||| SHOPLISTING scroll of enchant weapon (270 gold,
                  | have 79).
 21734 | Shoals:1 | 21734 ||| INVOKING Heroism.
 21967 | Shoals:1 | 21967 ||| INVOKING Heroism.
 22166 | Shoals:1 | Identified the +11 long sword "Ulufuad" {venom, Int+3}
 22290 | Shoals:1 | 22290 ||| Stepping ~*~*~tactically~*~*~ (hiding).
 22291 | Shoals:1 | 22291 ||| Stepping ~*~*~tactically~*~*~ (hiding).
 22454 | Shoals:1 | 22454 ||| UPGRADING to +2 kite shield.
 22464 | Shoals:1 | 22464 ||| DROPPING +0 buckler.
 22473 | Shoals:2 | 22473 ||| FLEEEEING.
 22474 | Shoals:2 | 22474 ||| FLEEEEING.
 22475 | Shoals:2 | 22475 ||| STAIRDANCE
 22486 | Shoals:1 | 22486 ||| Stepping ~*~*~tactically~*~*~ (hiding).
 22519 | Shoals:2 | 22519 ||| STAIRDANCE
 22560 | Shoals:2 | 22560 ||| INVOKING Heroism.
 22575 | Shoals:2 | 22575 ||| STAIRDANCE
 22580 | Shoals:1 | Received a gift from Okawaru
 22637 | Shoals:2 | 22637 ||| INVOKING Heroism.
 22667 | Shoals:2 | 22667 ||| INVOKING Heroism.
 23243 | Shoals:2 | Found Guogriot's Assorted Antiques.
 23248 | Shoals:2 | 23248 ||| BUYING potion of might (104 gold).
 23248 | Shoals:2 | Bought a potion of might for 104 gold pieces
 23413 | Shoals:3 | 23413 ||| INVOKING Heroism.
 23569 | Shoals:3 | 23569 ||| INVOKING Heroism.
 23649 | Shoals:3 | 23649 ||| Stepping ~*~*~tactically~*~*~ (hiding).
 23651 | Shoals:3 | Noticed Polyphemus
 23652 | Shoals:3 | 23652 ||| INVOKING Heroism.
 23669 | Shoals:3 | Killed Polyphemus
 23670 | Shoals:3 | Reached skill level 12 in Shields
 23676 | Shoals:3 | Received a gift from Okawaru
 23767 | Shoals:3 | Reached XP level 17. HP: 113/113 MP: 24/24
 23769 | Shoals:3 | 23769 ||| Stepping ~*~*~tactically~*~*~ (hiding).
 23771 | Shoals:3 | 23771 ||| Stepping ~*~*~tactically~*~*~ (hiding).
 23775 | Shoals:3 | Paralysed by you for 2 turns
 23828 | Shoals:3 | 23828 ||| Stepping ~*~*~tactically~*~*~ (hiding).
 23830 | Shoals:3 | 23830 ||| Stepping ~*~*~tactically~*~*~ (hiding).
 23848 | Shoals:3 | 23848 ||| INVOKING Heroism.
 23884 | Shoals:3 | Found a frozen archway.
 24031 | Shoals:3 | Noticed Ilsuiw
 24032 | Shoals:3 | 24032 ||| INVOKING Heroism.
 24070 | Shoals:3 | 24070 ||| INVOKING Heroism.
 24105 | Shoals:3 | Killed Ilsuiw
 24187 | Shoals:3 | Found a runed translucent door.
 24199 | Shoals:3 | 24199 ||| Stepping ~*~*~tactically~*~*~ (hiding).
 24200 | Shoals:3 | 24200 ||| Stepping ~*~*~tactically~*~*~ (hiding).
 24202 | Shoals:3 | 24202 ||| Stepping ~*~*~tactically~*~*~ (hiding).
 24317 | Shoals:3 | 24317 ||| Stepping ~*~*~tactically~*~*~ (stealth).
 24324 | Shoals:3 | 24324 ||| Stepping ~*~*~tactically~*~*~ (hiding).
 24327 | Shoals:3 | 24327 ||| Stepping ~*~*~tactically~*~*~ (hiding).
 24331 | Shoals:3 | 24331 ||| INVOKING Heroism.
 24350 | Shoals:3 | 24350 ||| Stepping ~*~*~tactically~*~*~ (hiding).
 24351 | Shoals:3 | 24351 ||| Stepping ~*~*~tactically~*~*~ (hiding).
 24352 | Shoals:3 | 24352 ||| Stepping ~*~*~tactically~*~*~ (hiding).
 24353 | Shoals:3 | 24353 ||| Stepping ~*~*~tactically~*~*~ (hiding).
 24529 | Shoals:3 | Found a corrupted altar of Lugonu.
 24531 | Shoals:3 | 24531 ||| PLANNING SPIDER:1-3
 24550 | Shoals:3 | 24550 ||| PLANNING SHOALS:1-3
 24563 | Shoals:3 | 24563 ||| PLANNING SPIDER:1-3
 24593 | Shoals:3 | 24593 ||| PLANNING SHOALS:1-3
 24616 | Shoals:3 | 24616 ||| PLANNING SPIDER:1-3
 24646 | Shoals:3 | 24646 ||| PLANNING SHOALS:1-3
 24673 | Shoals:3 | 24673 ||| PLANNING SPIDER:1-3
 24698 | Shoals:3 | 24698 ||| PLANNING SHOALS:1-3
 24724 | Shoals:3 | 24724 ||| PLANNING SPIDER:1-3
 24749 | Shoals:3 | 24749 ||| PLANNING SHOALS:1-3
 24776 | Shoals:3 | 24776 ||| PLANNING SPIDER:1-3
 24805 | Shoals:3 | 24805 ||| PLANNING SHOALS:1-3
 24836 | Shoals:3 | 24836 ||| PLANNING SPIDER:1-3
 24868 | Shoals:3 | 24868 ||| PLANNING SHOALS:1-3
 24919 | Shoals:3 | 24919 ||| PLANNING SPIDER:1-3
 24958 | Shoals:3 | 24958 ||| PLANNING SHOALS:1-3
 24999 | Shoals:3 | 24999 ||| PLANNING SPIDER:1-3
 25098 | Spider:1 | Entered Level 1 of the Spider Nest
 25105 | Spider:1 | 25105 ||| DRINKING 5 potions of curing.
 25105 | Spider:1 | 25105 ||| (to cure confusion)
 25107 | Spider:1 | 25107 ||| DRINKING 4 potions of curing.
 25107 | Spider:1 | 25107 ||| (to cure confusion)
 25110 | Spider:1 | Received a gift from Okawaru
 25126 | Spider:1 | 25126 ||| READING 3 scrolls of enchant weapon.
 25126 | Spider:1 | 25126 ||| ENCHANTING +0 broad axe.
 25127 | Spider:1 | 25127 ||| DROPPING +1 broad axe of distortion.
 25128 | Spider:1 | 25128 ||| READING 2 scrolls of enchant weapon.
 25128 | Spider:1 | 25128 ||| ENCHANTING +1 broad axe.
 25129 | Spider:1 | 25129 ||| READING scroll of enchant weapon.
 25129 | Spider:1 | 25129 ||| ENCHANTING +2 broad axe.
 25286 | Spider:1 | 25286 ||| INVOKING Heroism.
 25693 | Spider:1 | 25693 ||| Stepping ~*~*~tactically~*~*~ (stealth).
 25713 | Spider:1 | Reached skill level 18 in Axes
 25957 | Spider:1 | Received a gift from Okawaru
 26106 | Spider:1 | Identified the +4 glaive of the Hierophant {heavy, rElec
                  | Stlth+}
 26180 | Spider:1 | 26180 ||| DROPPING ring of magical power.
 26209 | Spider:2 | 26209 ||| INVOKING Heroism.
 26287 | Spider:2 | 26287 ||| Stepping ~*~*~tactically~*~*~ (stealth).
 26288 | Spider:2 | 26288 ||| Stepping ~*~*~tactically~*~*~ (stealth).
 26294 | Spider:2 | 26294 ||| INVOKING Heroism.
 26357 | Spider:2 | Received a gift from Okawaru
 26489 | Spider:2 | 26489 ||| Stepping ~*~*~tactically~*~*~ (stealth).
 26508 | Spider:2 | 26508 ||| Stepping ~*~*~tactically~*~*~ (stealth).
 26509 | Spider:2 | 26509 ||| Stepping ~*~*~tactically~*~*~ (stealth).
 26530 | Spider:2 | 26530 ||| INVOKING Heroism.
 26532 | Spider:2 | Noticed Arachne
 26533 | Spider:2 | 26533 ||| Stepping ~*~*~tactically~*~*~ (hiding).
 26553 | Spider:2 | 26553 ||| Stepping ~*~*~tactically~*~*~ (hiding).
 26558 | Spider:2 | 26558 ||| Stepping ~*~*~tactically~*~*~ (hiding).
 26560 | Spider:2 | 26560 ||| Stepping ~*~*~tactically~*~*~ (hiding).
 26576 | Spider:2 | Killed Arachne
 26650 | Spider:2 | 26650 ||| INVOKING Heroism.
 26687 | Spider:2 | 26687 ||| Stepping ~*~*~tactically~*~*~ (stealth).
 26739 | Spider:2 | 26739 ||| INVOKING Heroism.
 26742 | Spider:2 | 26742 ||| Stepping ~*~*~tactically~*~*~ (hiding).
 26744 | Spider:2 | 26744 ||| Stepping ~*~*~tactically~*~*~ (hiding).
 26787 | Spider:2 | 26787 ||| Stepping ~*~*~tactically~*~*~ (stealth).
 26932 | Spider:2 | Reached skill level 12 in Armour
 27286 | Spider:2 | 27286 ||| Stepping ~*~*~tactically~*~*~ (stealth).
 27299 | Spider:2 | 27299 ||| Stepping ~*~*~tactically~*~*~ (stealth).
 27366 | Spider:2 | 27366 ||| Stepping ~*~*~tactically~*~*~ (stealth).
 27370 | Spider:2 | Reached skill level 15 in Shields
 27371 | Spider:2 | 27371 ||| INVOKING Finesse.
 27564 | Spider:3 | 27564 ||| INVOKING Heroism.
 27593 | Spider:3 | 27593 ||| Stepping ~*~*~tactically~*~*~ (stealth).
 27595 | Spider:3 | 27595 ||| Stepping ~*~*~tactically~*~*~ (stealth).
 27600 | Spider:3 | 27600 ||| DRINKING 4 potions of curing.
 27600 | Spider:3 | 27600 ||| (to cure confusion)
 27631 | Spider:3 | Received a gift from Okawaru
 27823 | Spider:3 | 27823 ||| Stepping ~*~*~tactically~*~*~ (hiding).
 27838 | Spider:3 | 27838 ||| INVOKING Heroism.
 27958 | Spider:3 | 27958 ||| Stepping ~*~*~tactically~*~*~ (hiding).
 28027 | Spider:3 | 28027 ||| Stepping ~*~*~tactically~*~*~ (stealth).
 28042 | Spider:3 | 28042 ||| Stepping ~*~*~tactically~*~*~ (stealth).
 28043 | Spider:3 | 28043 ||| Stepping ~*~*~tactically~*~*~ (stealth).
 28044 | Spider:3 | 28044 ||| Stepping ~*~*~tactically~*~*~ (stealth).
 28099 | Spider:3 | 28099 ||| Stepping ~*~*~tactically~*~*~ (stealth).
 28140 | Spider:3 | 28140 ||| Stepping ~*~*~tactically~*~*~ (hiding).
 28155 | Spider:3 | Reached XP level 18. HP: 101/120 MP: 25/25
 28171 | Spider:3 | 28171 ||| DROPPING +2 war axe of flaming.
 28528 | Spider:3 | Noticed Nikola
 28530 | Spider:3 | 28530 ||| INVOKING Heroism.
 28554 | Spider:3 | Killed Nikola
 28645 | Spider:3 | 28645 ||| Stepping ~*~*~tactically~*~*~ (stealth).
 28646 | Spider:3 | 28646 ||| INVOKING Heroism.
 28698 | Spider:3 | 28698 ||| INVOKING Finesse.
 28706 | Spider:3 | Received a gift from Okawaru
 28904 | Spider:3 | 28904 ||| PLANNING SHOALS:4
 28904 | Spider:3 | 28904 ||| UPGRADING to +1 cloak of poison resistance.
 28914 | Spider:3 | 28914 ||| DROPPING +0 cloak.
 29055 | Shoals:4 | Entered Level 4 of the Shoals
 29056 | Shoals:4 | 29056 ||| INVOKING Heroism.
 29097 | Shoals:4 | 29097 ||| Stepping ~*~*~tactically~*~*~ (hiding).
 29105 | Shoals:4 | Received a gift from Okawaru
 29190 | Shoals:4 | 29190 ||| Stepping ~*~*~tactically~*~*~ (stealth).
 29200 | Shoals:4 | 29200 ||| Stepping ~*~*~tactically~*~*~ (stealth).
 29311 | Shoals:4 | 29311 ||| INVOKING Heroism.
 29313 | Shoals:4 | Reached skill level 9 in Throwing
 29349 | Shoals:4 | Identified the +3 leather armour "Epokout" {-Tele Int+3
                  | Dex+5}
 29355 | Shoals:4 | 29355 ||| INVOKING Heroism.
 29392 | Shoals:4 | Received a gift from Okawaru
 29453 | Shoals:4 | 29453 ||| INVOKING Heroism.
 29454 | Shoals:4 | 29454 ||| INVOKING Finesse.
 29493 | Shoals:4 | Received a gift from Okawaru
 29526 | Shoals:4 | 29526 ||| Stepping ~*~*~tactically~*~*~ (stealth).
 29528 | Shoals:4 | 29528 ||| Stepping ~*~*~tactically~*~*~ (hiding).
 29529 | Shoals:4 | 29529 ||| Stepping ~*~*~tactically~*~*~ (hiding).
 29532 | Shoals:4 | 29532 ||| Stepping ~*~*~tactically~*~*~ (hiding).
 29536 | Shoals:4 | 29536 ||| INVOKING Heroism.
 29625 | Shoals:4 | 29625 ||| Stepping ~*~*~tactically~*~*~ (stealth).
 29629 | Shoals:4 | 29629 ||| Stepping ~*~*~tactically~*~*~ (hiding).
 29647 | Shoals:4 | 29647 ||| Stepping ~*~*~tactically~*~*~ (stealth).
 29649 | Shoals:4 | 29649 ||| Stepping ~*~*~tactically~*~*~ (hiding).
 29650 | Shoals:4 | 29650 ||| Stepping ~*~*~tactically~*~*~ (hiding).
 29883 | Shoals:4 | Got a barnacled rune of Zot
 29957 | Shoals:4 | 29957 ||| PLANNING VAULTS:1-4
 30231 | Vaults:1 | Entered Level 1 of the Vaults
 30232 | Vaults:1 | 30232 ||| PLANNING WIZLAB
 30235 | Vaults:1 | 30235 ||| Stepping ~*~*~tactically~*~*~ (stealth).
 30237 | Vaults:1 | 30237 ||| Stepping ~*~*~tactically~*~*~ (hiding).
 30239 | Vaults:1 | 30239 ||| Stepping ~*~*~tactically~*~*~ (hiding).
 30470 | Vaults:1 | 30470 ||| INVOKING Heroism.
 30492 | Vaults:1 | 30492 ||| Stepping ~*~*~tactically~*~*~ (hiding).
 30502 | Vaults:1 | 30502 ||| DRINKING 3 potions of curing.
 30502 | Vaults:1 | 30502 ||| (to cure confusion)
 30520 | Vaults:1 | 30520 ||| INVOKING Heroism.
 30535 | Vaults:1 | Reached XP level 19. HP: 79/129 MP: 26/26
 30698 | Vaults:1 | 30698 ||| Stepping ~*~*~tactically~*~*~ (hiding).
 30909 | Vaults:1 | 30909 ||| SWAPPING to +2 broad axe of flaming.
 30918 | Vaults:1 | Found a magical portal.
 30927 | WizLab   | Entered Zonguldrok's Shrine
 30969 | WizLab   | Received a gift from Okawaru
 31143 | WizLab   | 31143 ||| Stepping ~*~*~tactically~*~*~ (hiding).
 31158 | WizLab   | 31158 ||| INVOKING Heroism.
 31162 | WizLab   | Reached skill level 18 in Fighting
 31205 | WizLab   | 31205 ||| Stepping ~*~*~tactically~*~*~ (stealth).
 31209 | WizLab   | 31209 ||| Stepping ~*~*~tactically~*~*~ (stealth).
 31229 | WizLab   | Noticed an antique lich
 31236 | WizLab   | 31236 ||| INVOKING Heroism.
 31240 | WizLab   | HP: 9/130 [antique lich/crystal spear (70)]
 31241 | WizLab   | 31241 ||| READING 14 scrolls of teleportation.
 31242 | WizLab   | 31242 ||| DRINKING 6 potions of heal wounds.
 31243 | WizLab   | 31243 ||| DRINKING 5 potions of heal wounds.
 31252 | WizLab   | 31252 ||| FLEEEEING.
 31275 | WizLab   | 31275 ||| INVOKING Heroism.
 31293 | WizLab   | Killed an antique lich
 31333 | WizLab   | 31333 ||| FLEEEEING.
 31336 | WizLab   | 31336 ||| Stepping ~*~*~tactically~*~*~ (stealth).
 31407 | WizLab   | Found the +9 sword of Zonguldrok {reap}
 31413 | WizLab   | 31413 ||| READING scroll of brand weapon.
 31413 | WizLab   | 31413 ||| BRANDING +2 broad axe of flaming.
 31445 | Vaults:1 | 31445 ||| PLANNING VAULTS:1-4
 32019 | Vaults:1 | 32019 ||| FLEEEEING.
 32020 | Vaults:1 | 32020 ||| FLEEEEING.
 32021 | Vaults:1 | 32021 ||| FLEEEEING.
 32022 | Vaults:1 | 32022 ||| FLEEEEING.
 32025 | Vaults:1 | 32025 ||| FLEEEEING.
 32026 | Vaults:1 | 32026 ||| FLEEEEING.
 32027 | Vaults:1 | 32027 ||| FLEEEEING.
 32028 | Vaults:1 | 32028 ||| FLEEEEING.
 32029 | Vaults:1 | 32029 ||| FLEEEEING.
 32030 | Vaults:1 | 32030 ||| FLEEEEING.
 32031 | Vaults:1 | 32031 ||| FLEEEEING.
 32032 | Vaults:1 | 32032 ||| FLEEEEING.
 32033 | Vaults:1 | 32033 ||| FLEEEEING.
 32034 | Vaults:1 | 32034 ||| FLEEEEING.
 32035 | Vaults:1 | 32035 ||| FLEEEEING.
 32040 | Vaults:1 | 32040 ||| FLEEEEING.
 32041 | Vaults:1 | 32041 ||| FLEEEEING.
 32042 | Vaults:1 | 32042 ||| FLEEEEING.
 32043 | Vaults:1 | 32043 ||| FLEEEEING.
 32044 | Vaults:1 | 32044 ||| FLEEEEING.
 32045 | Vaults:1 | 32045 ||| FLEEEEING.
 32046 | Vaults:1 | 32046 ||| FLEEEEING.
 32047 | Vaults:1 | 32047 ||| FLEEEEING.
 32048 | Vaults:1 | 32048 ||| FLEEEEING.
 32049 | Vaults:1 | 32049 ||| FLEEEEING.
 32050 | Vaults:1 | 32050 ||| FLEEEEING.
 32051 | Vaults:1 | 32051 ||| FLEEEEING.
 32052 | Vaults:1 | 32052 ||| FLEEEEING.
 32053 | Vaults:1 | 32053 ||| FLEEEEING.
 32059 | Vaults:1 | 32059 ||| FLEEEEING.
 32060 | Vaults:1 | 32060 ||| FLEEEEING.
 32061 | Vaults:1 | 32061 ||| FLEEEEING.
 32062 | Vaults:1 | 32062 ||| FLEEEEING.
 32063 | Vaults:1 | 32063 ||| FLEEEEING.
 32064 | Vaults:1 | 32064 ||| FLEEEEING.
 32065 | Vaults:1 | 32065 ||| FLEEEEING.
 32066 | Vaults:1 | 32066 ||| FLEEEEING.
 32067 | Vaults:1 | 32067 ||| FLEEEEING.
 32076 | Vaults:1 | 32076 ||| FLEEEEING.
 32077 | Vaults:1 | 32077 ||| FLEEEEING.
 32079 | Vaults:1 | 32079 ||| STAIRDANCE
 32185 | Vaults:1 | 32185 ||| FLEEEEING.
 32186 | Vaults:1 | 32186 ||| FLEEEEING.
 32187 | Vaults:1 | 32187 ||| STAIRDANCE
 32291 | Vaults:1 | 32291 ||| STAIRDANCE
 32738 | Vaults:2 | 32738 ||| FLEEEEING.
 32739 | Vaults:2 | 32739 ||| FLEEEEING.
 32740 | Vaults:2 | 32740 ||| FLEEEEING.
 32741 | Vaults:2 | 32741 ||| FLEEEEING.
 32742 | Vaults:2 | 32742 ||| FLEEEEING.
 32743 | Vaults:2 | 32743 ||| FLEEEEING.
 32744 | Vaults:2 | 32744 ||| FLEEEEING.
 32745 | Vaults:2 | 32745 ||| FLEEEEING.
 32746 | Vaults:2 | 32746 ||| FLEEEEING.
 32747 | Vaults:2 | 32747 ||| FLEEEEING.
 32748 | Vaults:2 | 32748 ||| FLEEEEING.
 32749 | Vaults:2 | 32749 ||| FLEEEEING.
 32750 | Vaults:2 | 32750 ||| FLEEEEING.
 32751 | Vaults:2 | 32751 ||| FLEEEEING.
 32752 | Vaults:2 | 32752 ||| FLEEEEING.
 32753 | Vaults:2 | 32753 ||| FLEEEEING.
 32754 | Vaults:2 | 32754 ||| FLEEEEING.
 32755 | Vaults:2 | 32755 ||| FLEEEEING.
 32756 | Vaults:2 | 32756 ||| FLEEEEING.
 32757 | Vaults:2 | 32757 ||| FLEEEEING.
 32758 | Vaults:2 | 32758 ||| FLEEEEING.
 32760 | Vaults:2 | 32760 ||| STAIRDANCE
 32895 | Vaults:2 | 32895 ||| FLEEEEING.
 32896 | Vaults:2 | 32896 ||| STAIRDANCE
 33000 | Vaults:2 | 33000 ||| STAIRDANCE
 33028 | Vaults:2 | 33028 ||| STAIRDANCE
 33035 | Vaults:1 | Received a gift from Okawaru
 33050 | Vaults:2 | 33050 ||| STAIRDANCE
 33131 | Vaults:2 | 33131 ||| Stepping ~*~*~tactically~*~*~ (stealth).
 33132 | Vaults:2 | 33132 ||| Stepping ~*~*~tactically~*~*~ (stealth).
 33153 | Vaults:2 | 33153 ||| FLEEEEING.
 33154 | Vaults:2 | 33154 ||| FLEEEEING.
 33155 | Vaults:2 | 33155 ||| FLEEEEING.
 33156 | Vaults:2 | 33156 ||| FLEEEEING.
 33157 | Vaults:2 | 33157 ||| FLEEEEING.
 33158 | Vaults:2 | 33158 ||| FLEEEEING.
 33159 | Vaults:2 | 33159 ||| FLEEEEING.
 33160 | Vaults:2 | 33160 ||| FLEEEEING.
 33161 | Vaults:2 | 33161 ||| FLEEEEING.
 33162 | Vaults:2 | 33162 ||| INVOKING Heroism.
 33304 | Vaults:2 | 33304 ||| SWAPPING to +3 heavy broad axe.
 33305 | Vaults:2 | 33305 ||| DROPPING +2 broad axe of freezing.
 33306 | Vaults:2 | 33306 ||| DROPPING +3 broad axe.
 33460 | Vaults:2 | Noticed Mara
 33461 | Vaults:2 | 33461 ||| Stepping ~*~*~tactically~*~*~ (hiding).
 33463 | Vaults:2 | 33463 ||| INVOKING Heroism.
 33464 | Vaults:2 | 33464 ||| INVOKING Finesse.
 33483 | Vaults:2 | Noticed qw's illusion
 33503 | Vaults:2 | 33503 ||| INVOKING Finesse.
 33504 | Vaults:2 | Noticed qw's illusion
 33507 | Vaults:2 | Killed Mara
 33633 | Vaults:2 | Found a staircase to the Crypt.
 33633 | Vaults:2 | Found a basalt altar of Yredelemnul.
 33633 | Vaults:2 | Found an ancient bone altar of Kikubaaqudgha.
 33721 | Vaults:2 | 33721 ||| Stepping ~*~*~tactically~*~*~ (hiding).
 33735 | Vaults:2 | 33735 ||| INVOKING Heroism.
 33743 | Vaults:2 | Received a gift from Okawaru
 33747 | Vaults:2 | HP: 22/130 [deep troll[an ironbound preserver] (19)]
 33747 | Vaults:2 | HP: 2/130 [deep troll[an ironbound preserver] (20)]
 33748 | Vaults:2 | 33748 ||| READING 14 scrolls of teleportation.
 33748 | Vaults:2 | Mangled by a deep troll

Levels and vault maps discovered:
D:1:      kilobyte_arrival_exit_the_forest, layout_loops_cross,
          ebering_ecumenical_altar_petrified
D:2:      layout_rooms, uniq_jessica
D:3:      layout_rooms, grunt_temple_overflow_magic_moments,
          mainiacjoe_overflow_paths, minmay_bisected
D:4:      layout_gridville, minmay_misc_feat_roman
D:5:      layout_loops_cross, mainiacjoe_overflow_brackets,
          minmay_fractal_squares_gapless_5
D:6:      cheibrodos_barr_body, layout_loops_cross,
          nicolae_dithmenos_the_darkroom, nicolae_uskayaw_dance_hall,
          uniq_sigmund, uniq_pikel, uniq_edmund
D:7:      layout_basic, gammafunk_temple_overflow_wave,
          gammafunk_ghost_abyssal_escape, serial_shops, shop,
          corexii_item_surrounded_by_moat, minivault_5, serial_bayou_crossing
D:8:      layout_gridville, zin_academy, mainiacjoe_overflow_boulevard,
          minmay_bent
D:9:      layout_loops_ring, nicolae_gozag_cash_rules_everything_around_me,
          mainiacjoe_overflow_large_starburst, ebering_ghost_inner_flame
D:10:     layout_roguey, bloody_trog, grunt_lair_entry_orc_guard_hut
D:11:     layout_small_grid, david_orc_3, guppyfry_shop_venom, uniq_lodul
D:12:     layout_cave_pods, gammafunk_ghost_wrathful_warriors
D:13:     layout_cave_pools, erik_vaults_1, special_room [special_room_bee]
D:14:     layout_basic
D:15:     gammafunk_depths_entry_grave, layout_layer_cave, serial_shops, shop,
          gauntlet_entry_generic, minmay_misc_feat_iff, uniq_nessos
Temple:   hellmonk_temple_two_chambers
Lair:1:   layout_regular_city, infiniplex_staircase_pool, grunt_megastairs_2,
          serial_bayou_shore_a
Lair:2:   layout_small_grid
Lair:3:   layout_cellular_growth, elwin_shoals_entry_rooms,
          nicolae_spider_entry_lesser_pyramids, basic_altar,
          infiniplex_staircase_pool_2
Lair:4:   beast_lair_carwin_large_2, layout_cave_pods, serial_bayou_ford_a,
          minivault_25, hibernation_bobbens
Lair:5:   grunt_lair_end_beastmaster, layout_gridlike,
          minmay_slime_entry_pillars
Shoals:1: layout_shoals, serial_shops, shop
Shoals:2: layout_shoals, serial_shops, nicolae_shop_just_a_little_nook
Shoals:3: layout_shoals, portal_ice_cave_entry_dragon,
          nicolae_shoals_abyss_on_the_beach, uniq_ilsuiw, uniq_polyphemus
Shoals:4: shoals_end_hellmonk_lost_city
Spider:1: layout_cave_pods, guppyfry_hornet_nest
Spider:2: nicolae_spider_hilbert_zone_3 [nicolae_spider_hilbert_4_sides_2_open,
          nicolae_spider_hilbert_3_sides_1_open,
          nicolae_spider_hilbert_3_sides_1_open,
          nicolae_spider_hilbert_3_sides_1_open,
          nicolae_spider_hilbert_3_sides_1_open,
          nicolae_spider_hilbert_4_sides_1_open,
          nicolae_spider_hilbert_4_sides_1_open,
          nicolae_spider_hilbert_4_sides_1_open,
          nicolae_spider_hilbert_4_sides_1_open,
          nicolae_spider_hilbert_4_sides_1_open,
          nicolae_spider_hilbert_4_sides_1_open,
          nicolae_spider_hilbert_4_sides_1_open,
          nicolae_spider_hilbert_4_sides_1_open,
          nicolae_spider_hilbert_3_sides_1_open,
          nicolae_spider_hilbert_3_sides_1_open,
          nicolae_spider_hilbert_3_sides_1_open,
          nicolae_spider_hilbert_3_sides_1_open], uniq_arachne
Spider:3: layout_chambers, uniq_nikola
Orc:1:    layout_diamond_mine, ebering_ghost_disaster_area
Orc:2:    grunt_orc_community_town_hall, layout_caves,
          grunt_orc_community_big_house_2, grunt_orc_community_big_house_1,
          grunt_orc_community_house_2, grunt_orc_community_house_3,
          grunt_orc_community_house_1, grunt_orc_community_house_3,
          serial_shops, bzr_entry_customers, basic_altar, nooodl_orcs_dogs,
          uniq_erolcha
Vaults:1: infiniplex_enter_wizlab_water, ontoclasm_vaults_spin,
          hangedman_vaults_restitches, v_misc_5, v_alt_pattern_5,
          nicolae_vaults_storage_room_water, grunt_vaults_funnel,
          ontoclasm_vaults_twist, nicolae_vaults_offset_grid_hallway_1,
          layout_vaults_quadrants
Vaults:2: nicolae_vaults_prndl, v_alt_pattern_4,
          nicolae_vaults_twisting_passages, minmay_crypt_entry_necro_gods,
          nicolae_vaults_turnstiles, hangedman_vaults_stagger,
          nicolae_vaults_specimen_jars, nicolae_vaults_yaktaur_gun_rack,
          layout_vaults_chaotic_city, serial_shops,
          nicolae_shop_tiny_statue_garden, uniq_mara

Skill      XL: |  1  2  3  4  5  6  7  8  9 10 11 12 13 14 15 16 17 18 19 |
---------------+----------------------------------------------------------+-----
Axes           | 2 3 4 5 7 9 10 11 12 13 14 16 17 18 | 18.0
Fighting       | 4 5 6 8 10 11 12 14 15 17 18 | 18.0
Dodging        | 1 2 4 5 |  5.8
Throwing       | 1 3 4 5 7 8 9 10 | 10.1
Shields        | 4 5 6 7 9 12 15 16 | 16.3
Armour         | 7 9 10 11 12 13 14 | 14.0
Invocations    | 3 4 8 10 | 10.0

Action                     |  1- 3 |  4- 6 |  7- 9 | 10-12 | 13-15 | 16-18 | 19-21 || total
---------------------------+-------+-------+-------+-------+-------+-------+-------++-------
  Melee: War axe           |    53 |   122 |   208 |   498 |   866 |    30 |       ||  1777
         Broad axe         |       |       |       |       |       |  1529 |   281 ||  1810
  Throw: Boomerang         |       |    10 |    55 |   106 |    37 |     3 |       ||   211
         Javelin           |       |       |       |    76 |   171 |   182 |    60 ||   489
 Invoke: Heroism           |       |       |       |    18 |    27 |    35 |     6 ||    86
         Finesse           |       |       |       |     1 |     5 |     3 |     2 ||    11
    Use: Scroll            |     6 |     5 |     6 |    11 |     3 |     3 |     3 ||    37
         Potion            |       |       |       |     3 |     2 |     6 |     2 ||    13
   Stab: Sleeping          |       |       |     2 |       |       |       |       ||     2
         Petrified         |       |       |       |       |       |     5 |       ||     5
         Petrifying        |       |       |       |       |       |     1 |       ||     1
         Paralysed         |       |       |       |       |       |     2 |       ||     2
 Armour: Scale mail        |    15 |    36 |     8 |       |       |       |       ||    59
         Ring mail         |       |       |    72 |    69 |       |       |       ||   141
         Plate armour      |       |       |       |   167 |   113 |       |       ||   280
         Robe              |       |       |       |       |   124 |       |       ||   124
         Fire dragon scale |       |       |       |       |    57 |   582 |    86 ||   725
  Dodge: Dodged            |    20 |    75 |   125 |   245 |   366 |   747 |    89 ||  1667
  Block: Buckler           |     5 |    18 |    53 |   188 |   323 |   148 |       ||   735
         Reflection        |       |       |       |    13 |     4 |    79 |    14 ||   110
         Kite shield       |       |       |       |       |       |  1162 |   204 ||  1366

Table legend:
 A = Non-vault XP
 B = Vault XP
 C = Vault XP percentage of total XP
 D = Non-vault monster count
 E = Vault monster count
 F = Vault count percentage of total count
                 A         B        C        D         E       F
            +---------+---------+-------+---------+---------+-------
      Total |  242855 |  117649 |  32.6 |     818 |     313 |  27.7
            +---------+---------+-------+---------+---------+-------
        D:1 |      22 |       0 |   0.0 |      13 |       0 |   0.0
        D:2 |      91 |      37 |  28.9 |      26 |       1 |   3.7
        D:3 |     209 |       7 |   3.2 |      25 |       2 |   7.4
        D:4 |     459 |       0 |   0.0 |      26 |       0 |   0.0
        D:5 |     539 |     190 |  26.1 |      19 |       3 |  13.6
        D:6 |    1365 |    2205 |  61.8 |      26 |      16 |  38.1
        D:7 |     677 |       0 |   0.0 |      23 |       0 |   0.0
        D:8 |    1018 |     416 |  29.0 |      24 |       6 |  20.0
        D:9 |    1329 |       0 |   0.0 |      16 |       0 |   0.0
       D:10 |    1943 |     601 |  23.6 |      12 |       5 |  29.4
       D:11 |    5265 |    2072 |  28.2 |      21 |      16 |  43.2
       D:12 |    6469 |       0 |   0.0 |      22 |       0 |   0.0
       D:13 |    4362 |    4602 |  51.3 |      11 |      28 |  71.8
       D:14 |   11621 |       0 |   0.0 |      19 |       0 |   0.0
       D:15 |    9663 |    5970 |  38.2 |      22 |       9 |  29.0
     Lair:1 |    3627 |     745 |  17.0 |      17 |       2 |  10.5
     Lair:2 |    7392 |       0 |   0.0 |      25 |       0 |   0.0
     Lair:3 |    5693 |    2877 |  33.6 |      28 |       7 |  20.0
     Lair:4 |    6411 |    2178 |  25.4 |      21 |       6 |  22.2
     Lair:5 |   18002 |   10054 |  35.8 |      56 |      22 |  28.2
   Shoals:1 |   16751 |       0 |   0.0 |      38 |       0 |   0.0
   Shoals:2 |    7572 |       0 |   0.0 |      18 |       0 |   0.0
   Shoals:3 |   13520 |   10988 |  44.8 |      27 |      15 |  35.7
   Shoals:4 |   19628 |   20376 |  50.9 |      39 |      29 |  42.6
   Spider:1 |   14176 |     265 |   1.8 |      37 |       1 |   2.6
   Spider:2 |   16073 |   10365 |  39.2 |      31 |      18 |  36.7
   Spider:3 |   14547 |    2182 |  13.0 |      40 |       1 |   2.4
      Orc:1 |    3048 |       0 |   0.0 |      23 |       0 |   0.0
      Orc:2 |   10149 |    9057 |  47.2 |      39 |      80 |  67.2
   Vaults:1 |   18410 |   17947 |  49.4 |      23 |      24 |  51.1
   Vaults:2 |   12183 |    6251 |  33.9 |      20 |       3 |  13.0
     WizLab |   10641 |    4534 |  29.9 |      31 |       5 |  13.9
   Gauntlet |       0 |    3730 | 100.0 |       0 |      14 | 100.0
            +---------+---------+-------+---------+---------+-------
